 Dungeon Crawl Stone Soup version 0.28-a0-1002-gf00fe891ef (webtiles) character file.

Game seed: 15100183169731450653

204696 chippings the Ripper (level 17, -6/94 HPs)
             Began as a Felid Transmuter on May 21, 2021.
             Was an Elder of Ashenzari.
             Mangled by a deep elf blademaster (8 damage)
             ... on level 2 of the Elven Halls on Dec 6, 2021.
             The game lasted 02:04:55 (44286 turns).

chippings the Ripper (Felid Transmuter)            Turns: 44286, Time: 02:04:56

Health: -6/94      AC: 27    Str: 15    XL:     17   Next: 51%
Magic:  42/42      EV: 33    Int: 19    God:    Ashenzari [****..]
Gold:   1889       SH:  0    Dex: 16    Spells: 9/38 levels left
                                        Lives:  0   Deaths: 5

rFire   . . .      SeeInvis +     - Unarmed
rCold   + . .      Faith    .   (shield unavailable)
rNeg    + . .      Spirit   .   (armour unavailable)
rPois   ∞          Reflect  .   (helmet unavailable)
rElec   +          Harm     .   (cloak unavailable)
rCorr   .          Rampage  .   (gloves unavailable)
Will    ++...      Clarity  +   (boots unavailable)
Stlth   ++++++....              P - amulet "Lasuppug" {Acrobat Str+4}
HPRegen 0.25/turn               d - ring of Ashenzari's Secrets {EV+4, Cun, Self} (curse)
MPRegen 0.28/turn               a - ring of the Omniscient Sybil {rElec rC+ MP+9 Int+2 Stlth-, Elem, Self} (curse)

@: statue-form, studying Invocations, very slow
A: slow and powerful, torment resistance 1, boosted hp, very small, claws 1,
fangs 3, see invisible, (speed 1), (shaggy fur 3), stealthy paws, no weapons or
thrown items, no armour, multi-lived, frail 1
}: 2/15 runes: decaying, serpentine
a: End Transformation, Renounce Religion, Curse Item, Shatter the Chains


You were on level 2 of the Elven Halls.
You worshipped Ashenzari.
Ashenzari was greatly pleased with you.
You were a living statue of rough stone.
You visited 7 branches of the dungeon, and saw 34 of its levels.
You also visited: Sewer, Bailey, Ice Cave and Volcano.

You collected 4359 gold pieces.
You spent 2470 gold pieces at shops.

Inventory:

Jewellery
 a - the cursed ring of the Omniscient Sybil (right paw) {rElec rC+ MP+9 Int+2 Stlth-, Elem, Self}
   (You acquired it on level 6 of the Dungeon)

   [ring of magical power]

   Int:       It affects your intelligence (+2).
   rC:        It protects you from cold.
   rElec:     It insulates you from electricity.
   MP:        It affects your magic capacity (+9).
   Stlth:     It makes you less stealthy.
   It has a curse which improves the following skills: Elements: Fire Magic, Ice
   Magic, Air Magic and Earth Magic.
   Introspection: Fighting and Spellcasting.
 d - the cursed ring of Ashenzari's Secrets (left paw) {EV+4, Cun, Self}
   (You found it on level 2 of the Dungeon)

   [ring of evasion]

   EV:        It affects your evasion (+4).
   It has a curse which improves the following skills: Cunning: Dodging and
   Stealth.
   Introspection: Fighting and Spellcasting.
 P - the amulet "Lasuppug" (around neck) {Acrobat Str+4}
   (You acquired it on level 1 of the Swamp)

   [amulet of the acrobat]

   It increases your evasion while moving and waiting.
   Str:       It affects your strength (+4).
Wands
 h - a wand of acid (12)
 k - a wand of digging (3)
 o - a wand of paralysis (6)
 p - a wand of flame (43)
 v - a wand of mindburst (19)
 x - a wand of polymorph (2)
 B - a wand of iceblast (63)
Scrolls
 e - 5 scrolls of amnesia
 l - 2 scrolls of teleportation
 t - 3 scrolls of holy word
 w - 4 scrolls of vulnerability
 y - 4 scrolls of fog
 F - 4 scrolls of fear
 G - 5 scrolls of silence
 H - a scroll of torment
 J - 3 scrolls of blinking
Potions
 b - 6 potions of lignification
 c - 13 potions of curing
 f - 9 potions of might
 g - 6 potions of flight
 i - a potion of experience
 j - 6 potions of cancellation
 m - 2 potions of resistance
 n - 4 potions of attraction
 r - 5 potions of brilliance
 s - 5 potions of invisibility
 u - 3 potions of heal wounds
 z - 4 potions of mutation
 C - 3 potions of berserk rage
 D - 5 potions of magic
 E - 6 potions of haste
Miscellaneous
 I - a phantom mirror
 L - a lightning rod (1/4)
 M - a piece from Xom's chessboard (15/15)
 O - a condenser vane (inert)


   Skills:
 + Level 10.3(13.9) Fighting
 + Level 15.3(17.5) Dodging
 + Level 15.7(17.9) Stealth
 + Level 18.6 Unarmed Combat
 - Level 7.5(11.1) Spellcasting
 - Level 8.0 Translocations
 - Level 14.4 Transmutations
 - Level 1.1(2.5) Ice Magic
 - Level 14.4(16.6) Earth Magic
 - Level 2.0 Poison Magic
 + Level 11.0 Evocations


You had 9 spell levels left.
You knew the following spells:

 Your Spells              Type           Power      Damage    Failure   Level
b - Wereblood             Tmut           60%        N/A       1%          2
c - Spider Form           Tmut/Pois      41%        N/A       1%          3
d - Ice Form              Ice/Tmut       42%        N/A       1%          4
e - Statue Form           Tmut/Erth      41%        N/A       1%          6
f - Shatter               Erth           32%        3d26*     100%        9
g - Blink                 Tloc           80%        N/A       1%          2
h - Lesser Beckoning      Tloc           40%        N/A       1%          3

Your spell library contained the following spells:

 Spells                   Type           Power      Damage    Failure   Level
 Apportation              Tloc           80%        N/A       1%          1
 Beastly Appendage        Tmut           100%       N/A       1%          1
 Passwall                 Tmut/Erth      51%        N/A       1%          2
 Blade Hands              Tmut           30%        N/A       1%          5
 Leda's Liquefaction      Hex/Erth       21%        N/A       2%          4
 Foxfire                  Conj/Fire      44%        2x1d6     6%          1
 Ensorcelled Hibernation  Hex/Ice        30%        N/A       6%          2
 Poisonous Vapours        Pois/Air       28%        N/A       6%          2
 Alistair's Intoxication  Tmut/Pois      27%        N/A       6%          5
 Animate Skeleton         Necr           20%        N/A       7%          1
 Corona                   Hex            10%        N/A       7%          1
 Magic Dart               Conj           40%        1d5       7%          1
 Pain                     Necr           40%        1d6       7%          1
 Slow                     Hex            40%        N/A       7%          1
 Call Imp                 Summ           10%        N/A       10%         2
 Mephitic Cloud           Conj/Pois/Air  13%        N/A       14%         3
 Conjure Flame            Conj/Fire      11%        6-21      19%         3
 Inner Flame              Hex/Fire       11%        N/A       19%         3
 Swiftness                Air            11%        N/A       19%         3
 Bolt of Magma            Conj/Fire/Erth 16%        4d9       19%         5
 Dazzling Flash           Conj/Hex       20%        N/A       21%         3
 Summon Guardian Golem    Hex/Summ       10%        N/A       21%         3
 Tukima's Dance           Hex            10%        N/A       21%         3
 Vampiric Draining        Necr           10%        2d6       21%         3
 Iron Shot                Conj/Erth      21%        9d5       32%         6
 Sticky Flame             Conj/Fire      11%        2d3       52%         4
 Animate Dead             Necr           5%         N/A       54%         4
 Freezing Cloud           Conj/Ice/Air   7%         6-21      77%         5
 Fireball                 Conj/Fire      5%         3d5       86%         5
 Silence                  Hex/Air        5%         N/A       86%         5
 Agony                    Necr           10%        N/A       88%         5
 Conjure Ball Lightning   Conj/Air       5%         3x3d6     100%        6
 Invisibility             Hex            5%         N/A       100%        6
 Orb of Destruction       Conj           5%         9d2       100%        7
 Spellforged Servitor     Conj/Summ      5%         N/A       100%        7
 Discord                  Hex            5%         N/A       100%        8
 Disjunction              Tloc           20%        N/A       100%        8
 Animate Armour           Summ/Erth      Unusable   N/A       N/A         4

Dungeon Overview and Level Annotations

Branches:
Dungeon (15/15)            Temple (1/1) D:7            Lair (6/6) D:9
  Swamp (4/4) Lair:4        Snake (4/4) Lair:3        Slime (0/5) Lair:5
    Orc (2/2) D:12            Elf (2/3) Orc:2        Vaults (0/5) D:13
 Depths (0/5) D:15          Sewer (visited)          Bailey (visited)
  IceCv (visited)         Volcano (visited)

Altars:
Ashenzari
Cheibriados
Dithmenos
Elyvilon
Fedhas
Gozag
Hepliaklqana
Kikubaaqudgha
Makhleb
Nemelex Xobeh
Okawaru
Qazlal
Ru
Sif Muna
Trog
Uskayaw
Vehumet
Wu Jian
Xom
Yredelemnul
Zin
The Shining One
Jiyva

Shops:
D:4 !   Orc:1 [(![   Orc:2 !*:=   Snake:4 :!

Annotations:
D:7 2 runed translucent doors, CowFu's ghost, novice GrFi
D:8 2 transporters, robertstho's ghost, novice DjFE
Lair:5 1 runed translucent door
Swamp:3 1 runed translucent door, Kacaoki's ghost, adept MiBe
Swamp:4 Lernaean hydra
Snake:1 Roxanne
Snake:2 1 runed translucent door, Vashnia


Innate Abilities, Weirdness & Mutations

You are a living statue of rough stone.
Your actions are slow, but your melee attacks are powerful.
You are resistant to unholy torment.
Your maximum health is greatly increased.
You are immune to poison.
You have sharp claws.
You have razor-sharp teeth.
You have supernaturally acute eyesight. (SInv)
((You cover ground quickly. (Speed+)))
((Your thick and shaggy fur keeps you warm. (AC +3, rC+)))
Your paws help you pounce on unaware monsters.
You are incapable of wielding weapons or throwing items.
You cannot wear armour.
You gain extra lives every three experience levels.
You are frail. (-10% HP)


Message History

The deep elf zephyrmancer mumbles some strange words.
The deep elf zephyrmancer blinks!
The +0 flail of draining completely misses you.
The +0 scimitar of holy wrath hits you but does no damage.
The +2 vorpal flail hits you but does no damage.
The +0 flail of draining hits you but does no damage.
The deep elf blademaster hits you with a +0 rapier!!
The deep elf blademaster hits you with a +0 rapier.
You closely miss the deep elf blademaster.
You claw the deep elf blademaster!
The deep elf blademaster is severely wounded.
The +0 scimitar of holy wrath misses you.
The +0 flail of draining closely misses you.
The +2 vorpal flail barely misses you.
The deep elf knight mumbles some strange words.
The deep elf knight flickers and vanishes for a moment.
The +1 flail of draining closely misses you.
The deep elf blademaster hits you with a +0 rapier!
The deep elf blademaster misses you.
The +0 scimitar of holy wrath barely misses you.
The +0 flail of draining completely misses you.
The +2 vorpal flail misses you.
You scratch the deep elf blademaster but do no damage.
The deep elf blademaster is severely wounded.
The +5 dire flail of protection hits you but does no damage.
The +1 flail of draining hits you!
The deep elf blademaster hits you with a +0 rapier!
The deep elf blademaster hits you with a +0 rapier.
The +0 scimitar of holy wrath hits you!
* * * LOW HITPOINT WARNING * * *
The deep elf knight mumbles some strange words.
The deep elf knight seems to speed up.
The +0 flail of draining hits you!
* * * LOW HITPOINT WARNING * * *
The +5 dire flail of protection misses you.
The +2 vorpal flail completely misses you.
The +1 flail of draining hits you but does no damage.
The deep elf blademaster hits you with a +0 rapier!
* * * LOW HITPOINT WARNING * * *
The deep elf blademaster hits you with a +0 rapier!
You die...

...#......e...#. , ,, , ,,
....#....(...#.....#....,,
*
.....#......#......e#...,,
, ......#....#.........#..
, , ,
.......#..#...........#. *
,,,,
........##.........(...# ,
, ........##......(.e....#
,,, ,
.......#..#....(((..e.#. *
, ......#....#....8(...#..
,* ,,,
.....#......#...e(..#... ,
, ..).#........#.....#....
, , ,, ,
...#....##....#...#....#*
, ###....####....###....##
* ################ *#####
#########


You could see a deep elf blademaster, a deep elf knight (fast, invisible), a
deep elf pyromancer, a deep elf zephyrmancer and 8 dancing weapons.

Vanquished Creatures
  A tentacled monstrosity (Swamp:3)
  Asterion (Snake:1)
  Rupert (Orc:2)
  Gastronok (Lair:3)
  Kirke (D:13)
  2 thorn hunters
  Nikola (Elf:2)
  4 nagarajas (Snake:4)
  A fenstrider witch (Swamp:3)
  A fire giant (D:15)
  3 bunyips
  5 eleionomae
  A spriggan air mage (Swamp:2)
  Harold (D:10)
  25 hydras
  11 naga warriors
  Erolcha (D:13)
  An ice dragon (D:13)
  2 salamander tyrants (Snake:4)
  4 boulder beetles
  A ghost crab (Swamp:2)
  A deep elf death mage (Elf:2)
  A death knight (D:12)
  5 anacondas
  9 alligators
  6 centaur warriors
  4 two-headed ogres
  13 death yaks (Lair:6)
  A tengu warrior (D:13)
  14 dancing weapons
  14 naga sharpshooters
  2 shock serpents
  4 salamander mystics (Snake:4)
  4 skeletal warriors (D:13)
  7 deep elf knights
  23 spriggans
  7 swamp dragons
  6 spriggan druids
  3 goliath frogs
  10 naga ritualists
  6 deep elf archers
  7 orc knights
  7 bog bodies
  A necromancer (IceCv)
  25 deep elf pyromancers
  26 deep elf zephyrmancers
  An oklob plant (Lair:5)
  6 mana vipers
  An orc sorcerer (Orc:1)
  13 ugly things
  2 manticores
  4 slime creatures (D:14)
  5 will-o-the-wisps
  6 cyclopes
  4 salamanders
  22 elephants
  3 ice statues (IceCv)
  A guardian serpent (Snake:3)
  25 black mambas
  Maurice (D:9)
  A torpor snail (Lair:2)
  An eye of devastation (shapeshifter) (D:13)
  21 cane toads
  19 naga magi
  A gargoyle (D:13)
  3 unseen horrors
  A freezing wraith (D:14)
  7 komodo dragons
  Maggie (D:8)
  4 tengu conjurers (D:15)
  5 yaktaurs (D:15)
  An efreet (D:13)
  4 rime drakes
  3 kobold demonologists (D:12)
  A yaktaur (shapeshifter) (D:15)
  2 wandering mushrooms (Lair:5)
  A bloated husk (Swamp:2)
  9 ice devils
  9 polar bears
  4 meliai
  6 trolls
  11 tyrant leeches
  Grinder (Sewer)
  23 blink frogs
  10 hornets
  15 dream sheep
  3 shadows
  62 yaks
  4 water elementals
  3 air elementals
  2 vampires (D:12)
  4 wyverns
  Eustachio (D:5)
  2 humans (shapeshifter)
  5 fire elementals
  5 hogs (D:13)
  3 basilisks
  Grum (D:8)
  14 vampire mosquitoes
  Menkaure (D:7)
  A steam dragon (D:8)
  2 wargs
  8 swamp worms
  4 acid dragons
  36 nagas
  7 hell hounds (Volcano)
  11 water moccasins
  6 swamp drakes
  41 orc warriors
  4 black bears
  6 ogres
  A sky beast (D:8)
  A necrophage (Sewer)
  An ice beast (D:6)
  3 boggarts (Lair:6)
  36 wolves
  15 centaurs
  4 kobold brigands
  14 bullfrogs
  An earth elemental (Elf:2)
  A scorpion (Lair:2)
  A water moccasin skeleton (D:5)
  A wight (Sewer)
  55 killer bees
  7 electric eels
  A howler monkey (D:5)
  A crimson imp (D:6)
  2 bullfrog zombies
  5 centaur zombies
  3 bullfrog skeletons
  A draconian simulacrum (IceCv)
  15 orc priests
  6 hounds
  2 jellies
  2 centaur skeletons (D:7)
  2 gnoll shamans
  4 iguanas
  14 orc wizards
  Ijyb (D:4)
  A killer bee zombie (D:7)
  3 troll simulacra (IceCv)
  4 centaur simulacra
  2 howler monkey zombies
  6 gnolls
  2 naga simulacra (IceCv)
  3 adders
  A howler monkey skeleton (D:5)
  2 ogre simulacra (IceCv)
  A shadow imp (Sewer)
  4 ufetubi (Sewer)
  An adder skeleton (D:5)
  A worm (D:7)
  76 orcs
  A bat zombie (Sewer)
  10 endoplasms
  8 giant cockroaches
  3 goblins (D:1)
  11 hobgoblins
  9 jackals
  28 kobolds
  9 quokkas
  10 ball pythons
  12 bats
  14 frilled lizards
  3 kobold zombies (Sewer)
  7 rats
1201 creatures vanquished.

Vanquished Creatures (collateral kills)
  A swamp drake (Swamp:4)
1 creature vanquished.

Vanquished Creatures (others)
  A wizard (D:15)
  A naga mage (Snake:3)
  A bloated husk (Swamp:2)
  A human (D:13)
  An orc (Orc:2)
  2 briar patches (Swamp:1)
  22 foxfires
  35 fungi
  72 plants
  2 withered plants (D:10)
138 creatures vanquished.

Grand Total: 1340 creatures vanquished

Notes
Turn   | Place    | Note
-------+----------+-------------------------------------------
     0 | D:1      | chippings the Felid Transmuter began the quest for the Orb.
     0 | D:1      | Reached XP level 1. HP: 9/9 MP: 4/4
   248 | D:1      | Reached XP level 2. HP: 9/12 MP: 4/6
   838 | D:1      | Reached XP level 3. HP: 7/15 MP: 5/7
  1773 | D:2      | Learned a level 2 spell: Wereblood
  1777 | D:2      | Learned a level 3 spell: Spider Form
  2323 | D:2      | Found a faded altar of an unknown god.
  2506 | D:2      | Reached skill level 4 in Unarmed Combat
  2820 | D:3      | Reached XP level 4. HP: 19/19 MP: 6/8
  3066 | D:3      | Found a stormy altar of Qazlal.
  3066 | D:3      | Found an ornate altar of the Wu Jian Council.
  3221 | D:3      | Reached skill level 1 in Poison Magic
  3661 | D:4      | Found a radiant altar of Vehumet.
  3741 | D:4      | Reached XP level 5. HP: 11/22 MP: 5/9
  4094 | D:4      | Noticed Ijyb
  4170 | D:4      | Found Zeecs's Distillery.
  4180 | D:4      | Bought a potion of degeneration for 13 gold pieces
  4268 | D:4      | Killed Ijyb
  4451 | D:4      | Gained mutation: You are covered in thick fur. (AC +2)
                  | [Felid growth]
  4451 | D:4      | Reached XP level 6. HP: 21/25 MP: 4/10
  4675 | D:4      | Identified the +0 chain mail of Tenacity {Int+4}
  4904 | D:5      | Entered Level 5 of the Dungeon
  4914 | D:5      | Reached skill level 5 in Unarmed Combat
  4919 | D:5      | Found an iron altar of Okawaru.
  4961 | D:5      | Reached skill level 5 in Transmutations
  5112 | D:5      | Reached skill level 1 in Stealth
  5176 | D:5      | Noticed Eustachio
  5188 | D:5      | Killed Eustachio
  5189 | D:5      | Reached XP level 7. HP: 12/29 MP: 3/11
  6346 | D:6      | Identified a scroll of acquirement
  6346 | D:6      | Acquired the ring "Qifyics" {rElec rC+ MP+9 Int+2 Stlth-}
  6356 | D:6      | Found a glowing drain.
  6386 | Sewer    | Entered a sewer
  6581 | Sewer    | Found an ancient bone altar of Kikubaaqudgha.
  6588 | Sewer    | Noticed Grinder
  6608 | Sewer    | HP: 1/29 [Grinder (2)]
  6645 | Sewer    | Killed Grinder
  6703 | Sewer    | Learned a level 7 spell: Hydra Form
  6729 | Sewer    | Reached XP level 8. HP: 20/34 MP: 11/14
  6875 | Sewer    | Reached skill level 6 in Unarmed Combat
  7390 | D:6      | Reached skill level 5 in Stealth
  7616 | D:6      | Found a burning altar of Makhleb.
  8420 | D:7      | Noticed a troll
  8463 | D:7      | Found a snail-covered altar of Cheibriados.
  8504 | D:6      | Reached XP level 9. HP: 32/39 MP: 16/16
  8584 | D:7      | Noticed Menkaure
  8594 | D:7      | Killed Menkaure
  8805 | D:7      | Found a staircase to the Ecumenical Temple.
  8842 | Temple   | Entered the Ecumenical Temple
  8987 | Temple   | Became a worshipper of Ashenzari the Shackled
  9088 | D:7      | Reached skill level 7 in Unarmed Combat
  9208 | D:7      | Killed a troll
  9209 | D:7      | Reached skill level 5 in Dodging
  9451 | D:7      | Found a large runed translucent door.
  9452 | D:7      | Found a large runed translucent door.
  9454 | D:7      | Noticed CowFu's ghost (novice GrFi)
  9726 | D:8      | Found a transporter.
  9732 | D:8      | Noticed robertstho's ghost (novice DjFE)
  9756 | D:8      | HP: 1/50 [wyvern (10)]
  9867 | D:8      | Reached skill level 8 in Unarmed Combat
 10022 | D:8      | Noticed Grum
 10042 | D:8      | Killed Grum
 10043 | D:8      | Reached XP level 10. HP: 33/42 MP: 17/17
 10247 | D:8      | Found a flagged portal.
 10253 | Bailey   | Entered a bailey
 10278 | Bailey   | Learned a level 4 spell: Ice Form
 10596 | Bailey   | Noticed an orc knight
 10802 | Bailey   | Slain by an orc warrior
 10803 | Bailey   | Reached XP level 9. HP: -5/39 MP: 0/25
 10970 | Bailey   | Killed an orc knight
 11018 | Bailey   | Identified the +2 pair of gloves "Quijih" {rN+}
 11108 | D:8      | Found a transporter.
 11316 | D:8      | Noticed Maggie
 11340 | D:8      | Killed Maggie
 12050 | D:9      | Reached skill level 9 in Unarmed Combat
 12050 | D:9      | Reached skill level 1 in Ice Magic
 12067 | D:9      | Reached * piety under Ashenzari
 12067 | D:9      | Reached ** piety under Ashenzari
 12151 | D:9      | Noticed Maurice
 12178 | D:9      | Killed Maurice
 12179 | D:9      | Reached XP level 10. HP: 42/42 MP: 17/17
 12458 | D:9      | Found a staircase to the Lair.
 12466 | D:9      | Noticed a two-headed ogre
 12483 | D:9      | Reached skill level 10 in Transmutations
 12706 | D:9      | Killed a two-headed ogre
 13044 | D:10     | Entered Level 10 of the Dungeon
 13070 | D:10     | Found a basalt altar of Yredelemnul.
 13091 | D:10     | Reached skill level 1 in Earth Magic
 13098 | D:10     | Reached skill level 10 in Unarmed Combat
 13181 | D:10     | Found a sparkling altar of Nemelex Xobeh.
 13288 | D:10     | Noticed Harold
 13327 | D:10     | Killed Harold
 13328 | D:10     | Reached XP level 11. HP: 15/46 MP: 2/19
 13328 | D:10     | Splashed by an acid dragon's acid
 13329 | D:10     | Reached XP level 10. HP: -4/55 MP: 0/27
 13366 | D:10     | Noticed a two-headed ogre
 13378 | D:10     | Killed a two-headed ogre
 13379 | D:10     | Reached skill level 5 in Spellcasting
 13688 | D:10     | Noticed a two-headed ogre
 13896 | Lair:1   | Entered Level 1 of the Lair of Beasts
 13905 | Lair:1   | Noticed a cane toad
 13911 | Lair:1   | Noticed a cane toad
 13915 | Lair:1   | Noticed a cane toad
 13916 | Lair:1   | Killed a cane toad
 13919 | Lair:1   | Noticed a cane toad
 13920 | Lair:1   | Noticed a cane toad
 13933 | Lair:1   | Killed a cane toad
 13936 | Lair:1   | Killed a cane toad
 13937 | Lair:1   | Reached skill level 5 in Fighting
 13944 | Lair:1   | Demolished by a cane toad
 13945 | Lair:1   | Reached XP level 9. HP: -16/52 MP: 0/27
 13950 | Lair:1   | Killed a cane toad
 13953 | Lair:1   | HP: 2/52 [poisoned by a cane toad]
 13955 | Lair:1   | Killed a cane toad
 14304 | Lair:1   | Reached XP level 10. HP: 44/44 MP: 19/19
 14333 | Lair:1   | Noticed a cane toad
 14441 | Lair:1   | Killed a cane toad
 14493 | Lair:1   | Learned a level 6 spell: Statue Form
 14689 | Lair:1   | Noticed a black mamba
 14695 | Lair:1   | Noticed an eight-headed hydra
 14696 | Lair:1   | Killed an eight-headed hydra
 14793 | Lair:1   | Killed a black mamba
 14794 | Lair:1   | Reached skill level 5 in Earth Magic
 15605 | Lair:2   | Reached *** piety under Ashenzari
 15605 | Lair:2   | Reached **** piety under Ashenzari
 15657 | Lair:2   | Noticed a cane toad
 15662 | Lair:2   | Noticed a cane toad
 15670 | Lair:2   | Killed a cane toad
 15671 | Lair:2   | Reached XP level 11. HP: 51/51 MP: 20/24
 15906 | Lair:2   | Noticed a seven-headed hydra
 16026 | Lair:2   | Killed a seven-headed hydra
 16486 | Lair:2   | Reached skill level 11 in Unarmed Combat
 16751 | Lair:3   | Noticed a seven-headed hydra
 16761 | Lair:3   | Killed a seven-headed hydra
 16914 | Lair:3   | Noticed Gastronok
 16993 | D:10     | Killed a two-headed ogre
 16994 | D:10     | Gained mutation: Your thick and shaggy fur keeps you warm.
                  | (AC +3, rC+) [Felid growth]
 16994 | D:10     | Reached XP level 12. HP: 57/57 MP: 20/25
 17128 | D:10     | Gained mutation: You are frail. (-10% HP) [mutagenic glow]
 17227 | D:10     | Noticed a two-headed ogre
 17242 | D:10     | Killed a two-headed ogre
 17570 | D:11     | Reached ***** piety under Ashenzari
 17570 | D:11     | Reached ****** piety under Ashenzari
 17589 | D:11     | Found a shadowy altar of Dithmenos.
 17589 | D:11     | Noticed a boulder beetle
 17622 | D:11     | Killed a boulder beetle
 17830 | D:11     | Reached skill level 1 in Evocations
 18214 | D:12     | Noticed a death knight
 18240 | D:12     | Killed a death knight
 18441 | D:12     | Reached skill level 10 in Stealth
 18610 | D:12     | Found a staircase to the Orcish Mines.
 18933 | Orc:1    | Entered Level 1 of the Orcish Mines
 18963 | Orc:1    | Found Wiwkeuny's Antique Armour Boutique.
 19251 | Orc:1    | Found Pupheuv's Antique Armour Shop.
 19284 | Orc:1    | Reached skill level 10 in Dodging
 19298 | Orc:1    | Found Ewu Sail's Distillery.
 19629 | Orc:1    | Reached XP level 13. HP: 57/57 MP: 29/29
 19691 | Orc:1    | Bought a potion of heal wounds for 60 gold pieces
 19691 | Orc:1    | Bought a potion of curing for 36 gold pieces
 19691 | Orc:1    | Bought a potion of curing for 36 gold pieces
 19691 | Orc:1    | Bought a potion of resistance for 120 gold pieces
 19691 | Orc:1    | Bought a potion of curing for 36 gold pieces
 19691 | Orc:1    | Bought a potion of berserk rage for 60 gold pieces
 19691 | Orc:1    | Bought a potion of heal wounds for 60 gold pieces
 19691 | Orc:1    | Bought a potion of might for 48 gold pieces
 19691 | Orc:1    | Bought a potion of heal wounds for 60 gold pieces
 19691 | Orc:1    | Bought a potion of lignification for 36 gold pieces
 19708 | Orc:1    | Found Isududgh's Antique Weapon Boutique.
 19972 | Orc:2    | Entered Level 2 of the Orcish Mines
 20592 | Orc:2    | Learned a level 9 spell: Shatter
 20593 | Orc:2    | Noticed Rupert
 20595 | Orc:2    | Learned a level 2 spell: Blink
 20642 | Orc:2    | Killed Rupert
 20643 | Orc:2    | Reached skill level 1 in Translocations
 20719 | Orc:2    | Reached skill level 5 in Evocations
 20947 | Orc:2    | Learned a level 3 spell: Lesser Beckoning
 21081 | Orc:2    | Found Wulepn's Book Emporium.
 21081 | Orc:2    | Found Fyuruire's Assorted Antiques.
 21083 | Orc:2    | Found Wuxzaf's Distillery.
 21084 | Orc:2    | Found Julud's Jewellery Shoppe.
 21143 | Orc:2    | Bought a potion of magic for 120 gold pieces
 21212 | Orc:2    | Found a staircase to the Elven Halls.
 22273 | Lair:3   | Found a staircase to the Snake Pit.
 22847 | Lair:3   | Killed Gastronok
 23146 | Lair:4   | Found a frozen archway.
 23184 | IceCv    | Entered an ice cave
 23302 | IceCv    | Reached skill level 12 in Unarmed Combat
 23383 | IceCv    | Reached XP level 14. HP: 62/62 MP: 30/30
 23851 | Lair:4   | Reached skill level 5 in Translocations
 24246 | Lair:4   | Found a staircase to the Swamp.
 24775 | Lair:5   | Found a dark tunnel.
 24781 | Volcano  | Entered a volcano
 25725 | Lair:5   | Found a runed translucent door.
 25734 | Lair:5   | Found a viscous altar of Jiyva.
 25736 | Lair:5   | Found a staircase to the Slime Pits.
 26219 | Lair:6   | Entered Level 6 of the Lair of Beasts
 26333 | Lair:6   | Reached XP level 15. HP: 53/64 MP: 17/32
 26788 | Lair:6   | Reached skill level 13 in Unarmed Combat
 27029 | Lair:6   | Reached skill level 10 in Earth Magic
 27788 | Snake:1  | Entered Level 1 of the Snake Pit
 28486 | Snake:1  | Noticed Asterion
 28507 | Snake:1  | Killed Asterion
 28764 | Snake:1  | Reached skill level 14 in Unarmed Combat
 28799 | Snake:1  | Upgraded the game from 0.27-a0-1188-g73eefd5def to
                  | 0.27-a0-1416-g941b2bd30b
 28963 | Snake:1  | Identified the +0 robe "Vanev" {Int+3 SInv}
 29018 | Snake:1  | Noticed Roxanne
 29561 | Snake:2  | Noticed Vashnia
 29751 | Snake:2  | Found a runed translucent door.
 29993 | Snake:2  | Reached XP level 16. HP: 68/68 MP: 31/33
 30323 | Snake:2  | Identified the ring "Waom" {Ice Stlth+}
 32016 | Snake:3  | Identified the +4 chain mail "Irchiz" {rF+ Will++ Stlth+}
 32057 | Snake:4  | Entered Level 4 of the Snake Pit
 32232 | Snake:4  | Found Veun's Book Emporium.
 32327 | Snake:4  | Reached skill level 15 in Unarmed Combat
 32330 | Snake:4  | HP: 2/88 [naga warrior (20)]
 32330 | Snake:4  | Mangled by a naga warrior
 32331 | Snake:4  | Reached XP level 15. HP: -6/83 MP: 0/41
 32408 | Snake:4  | Noticed a nagaraja
 32686 | Snake:4  | Killed a nagaraja
 33223 | Snake:4  | Noticed a nagaraja
 33234 | Snake:4  | Killed a nagaraja
 33376 | Snake:4  | Found Qiemiyly's Distillery.
 33396 | Snake:4  | Bought a potion of berserk rage for 75 gold pieces
 33396 | Snake:4  | Bought 2 potions of curing for 90 gold pieces
 33396 | Snake:4  | Bought a potion of resistance for 150 gold pieces
 33396 | Snake:4  | Bought a potion of curing for 45 gold pieces
 33396 | Snake:4  | Bought a potion of curing for 45 gold pieces
 33396 | Snake:4  | Bought a potion of invisibility for 120 gold pieces
 33396 | Snake:4  | Bought a potion of might for 60 gold pieces
 33672 | Snake:4  | Bought a manual of Invocations for 1200 gold pieces
 33840 | Snake:4  | Noticed a nagaraja
 33854 | Snake:4  | Killed a nagaraja
 33875 | Snake:4  | Noticed a nagaraja
 34472 | Snake:4  | Killed a nagaraja
 34483 | Snake:4  | Reached XP level 16. HP: 68/68 MP: 33/33
 34506 | Snake:4  | Got a serpentine rune of Zot
 34549 | Snake:4  | Identified the +1 scale mail of Bosos {MP+9 Int-3 SInv}
 34726 | Snake:4  | Reached skill level 16 in Unarmed Combat
 35541 | D:13     | Noticed Erolcha
 35547 | D:13     | Killed Erolcha
 35585 | D:13     | Noticed Kirke
 35625 | D:13     | Killed Kirke
 35966 | D:13     | Found a gate to the Vaults.
 36332 | D:13     | Identified the +2 rapier "Nuabb" {flame, *Slow +Rage rN+
                  | Dex+3}
 36434 | D:13     | Found an opulent altar of Gozag.
 37038 | Swamp:1  | Entered Level 1 of the Swamp
 37065 | Swamp:1  | Noticed a thorn hunter
 37075 | Swamp:1  | Killed a thorn hunter
 37500 | Swamp:1  | Found a stormy altar of Qazlal.
 37685 | Swamp:1  | Acquired the amulet "Lasuppug" {Acrobat Str+4}
 38680 | Swamp:3  | Noticed a tentacled monstrosity
 38685 | Swamp:3  | Killed a tentacled monstrosity
 39156 | Swamp:3  | Identified the +8 quarterstaff of the Lair of Beasts
                  | {flame, rN+}
 39309 | Swamp:3  | Noticed Kacaoki's ghost (adept MiBe)
 39310 | Swamp:3  | Found a runed translucent door.
 39321 | Swamp:3  | Reached XP level 17. HP: 72/72 MP: 33/34
 39381 | Swamp:3  | Acquired 884 gold pieces
 39546 | Swamp:4  | Entered Level 4 of the Swamp
 39670 | Swamp:4  | Reached skill level 17 in Unarmed Combat
 39977 | Swamp:4  | Noticed the 27-headed Lernaean hydra
 39985 | Swamp:4  | Slain by the 27-headed Lernaean hydra
 39986 | Swamp:4  | Reached XP level 16. HP: -1/91 MP: 0/42
 40032 | Swamp:4  | Got a decaying rune of Zot
 40939 | D:14     | Found a sparkling altar of Nemelex Xobeh.
 41157 | D:15     | Entered Level 15 of the Dungeon
 41396 | D:15     | Found a staircase to the Depths.
 41499 | D:15     | Reached skill level 10 in Evocations
 41582 | D:14     | Reached skill level 18 in Unarmed Combat
 41582 | D:14     | Upgraded the game from 0.27-a0-1416-g941b2bd30b to
                  | 0.28-a0-1002-gf00fe891ef
 42237 | Elf:1    | Entered Level 1 of the Elven Halls
 42436 | Elf:1    | Reached skill level 15 in Stealth
 42436 | Elf:1    | Reached XP level 17. HP: 73/73 MP: 33/33
 43155 | Elf:2    | Reached skill level 10 in Fighting
 43349 | Elf:2    | Reached skill level 15 in Dodging
 43634 | Elf:2    | Found a runed translucent gate.
 43634 | Elf:2    | Found a runed translucent gate.
 43634 | Elf:2    | Found a runed translucent gate.
 43730 | Elf:2    | Noticed Nikola
 43745 | Elf:2    | Killed Nikola
 44278 | Elf:2    | Noticed a deep elf blademaster
 44286 | Elf:2    | HP: 2/94 [deep elf blademaster (11)]
 44286 | Elf:2    | Mangled by a deep elf blademaster

Illustrated notes

Levels and vault maps discovered:
D:1:      kennysheep_arrival_forest, layout_rooms, minmay_lizard_king
D:2:      layout_basic, chequers_ecumenical_altar_simple, dk_noncrumbling_4
D:3:      layout_loops_ring, gammafunk_temple_overflow_pools, serial_park_tiny_1
D:4:      layout_basic, kennysheep_little_box, serial_shops, shop_fountains,
          lightli_corner_chamber, uniq_ijyb
D:5:      layout_gridville, okawaru_ov_weapons_minmay, uniq_eustachio
D:6:      layout_basic, makhleb_grotto_becter, gup_sewer_entry_pipe,
          minmay_misc_feat_columns
D:7:      layout_cave_pools, slow_altar_1, minmay_temple_entry_offerings,
          ebering_ghost_disaster_area, uniq_menkaure
D:8:      layout_rooms, gammafunk_ghost_stat_death, enter_bailey_2, uniq_grum,
          uniq_maggie
D:9:      layout_basic, erik_lair_island, st_stairs_6, uniq_maurice
D:10:     layout_loops_cross, yredelemnul_altar_generic, kennysheep_mini,
          item_on_display_a, uniq_harold
D:11:     layout_loops_ring, kennysheep_cross_bottleneck,
          nicolae_dithmenos_shadow_blocks
D:12:     layout_basic, david_orc_3
D:13:     layout_loops_corners, david_vaults_4, nicolae_gozag_seed_capital,
          uniq_erolcha, uniq_kirke
D:14:     layout_roguey, hangedman_glass_teeth, serial_glass, glass_columns_b,
          glass_columns_b, glass_columns_a, glass_columns_a, glass_columns_a,
          glass_columns_c, glass_columns_a, glass_columns_b,
          nemelex_spade_bored_becter
D:15:     grunt_enter_depths_giant_problem, layout_irregular_city,
          serial_bayou_pond_b
Temple:   jpeg_temple_clearing
Lair:1:   layout_loops_ring, beast_lair_carwin_8, grunt_megastairs_3
Lair:2:   layout_chaotic_city, lemuel_fruit_fields
Lair:3:   wad_woods_minihive, layout_cave_pods, guppyfry_snake_entry_garden,
          minivault_24, uniq_gastronok
Lair:4:   beast_lair_carwin_large_4, layout_hall_layers,
          nicolae_swamp_entry_splash_gauntlet, portal_ice_cave_demonic_guard,
          serial_bayou_shore_b, infiniplex_staircase_pool_2
Lair:5:   layout_regular_city, slime_altar_2, enter_volcano_2,
          minmay_lair_oklob_chamber, lemuel_fruit_fields, grunt_megastairs_5,
          lemuel_fruit_tree
Lair:6:   minmay_lair_end_enchanted_forest, layout_small_grid
Swamp:1:  nicolae_swamp_ascending_descending, layout_basic_swamp,
          lemuel_altar_in_water
Swamp:2:  layout_basic_swamp, evilmike_swamp_ruin_house_6
Swamp:3:  layout_falls_marsh, ebering_ghost_inner_flame,
          infiniplex_staircase_pool
Swamp:4:  swamp_old_school, layout_basic_swamp
Snake:1:  layout_onion, hangedman_snake_pattern, uniq_roxanne, uniq_asterion
Snake:2:  cheibrodos_toxic_ritual, layout_misc_corridors, uniq_vashnia
Snake:3:  layout_misc_corridors
Snake:4:  snake_pit, layout_cave_town, minmay_shoptagon
Orc:1:    layout_diamond_mine, serial_shops, nicolae_shop_statue_plus,
          nicolae_shop_waterfront, nicolae_shop_statue_plus, shop
Orc:2:    st_orc_rangers, layout_caves, uniq_rupert
Elf:1:    eino_elf_arrival_the_gate, layout_geoelf_grid,
          hangedman_elven_crosses_minicolossus
Elf:2:    nicolae_elf_blades_splatter_lattice [nicolae_blade_entry_antechamber],
          layout_geoelf_grid, uniq_nikola

Skill      XL: |  1  2  3  4  5  6  7  8  9 10 11 12 13 14 15 16 17 |
---------------+----------------------------------------------------+-----
Transmutations | 3 4 5 6 7 9 11 12 13 14 | 14.4
Unarmed Combat | 4 5 6 9 10 11 12 14 18 17 | 18.6
Poison Magic   | 1 2 |  2.0
Stealth        | 2 4 6 8 9 10 11 12 15 | 15.7
Fighting       | 3 4 5 6 7 9 10 | 10.3
Spellcasting   | 3 4 6 7 |  7.5
Dodging        | 4 8 7 9 10 12 14 15 | 15.3
Ice Magic      | 1 |  1.1
Earth Magic    | 4 5 7 8 9 13 14 | 14.4
Evocations     | 3 6 8 10 11 | 11.0
Translocations | 4 7 8 |  8.0

Action                   |  1- 3 |  4- 6 |  7- 9 | 10-12 | 13-15 | 16-18 || total
-------------------------+-------+-------+-------+-------+-------+-------++-------
Melee: Unarmed           |   140 |   123 |   512 |   629 |  1245 |   943 ||  3592
       Punch             |     9 |     7 |    18 |    21 |   148 |    77 ||   280
       Headbutt          |     9 |     3 |       |       |       |       ||    12
       Touch             |     2 |       |     5 |    17 |    77 |    53 ||   154
       Bite              |       |       |       |       |       |    10 ||    10
 Cast: Beastly Appendage |    21 |     7 |       |       |       |       ||    28
       Spider Form       |       |     9 |    31 |     9 |     1 |       ||    50
       Wereblood         |       |       |     7 |     7 |     5 |     4 ||    23
       Hydra Form        |       |       |    10 |    15 |     1 |       ||    26
       Ice Form          |       |       |     1 |     5 |     1 |       ||     7
       Statue Form       |       |       |       |    16 |    72 |    66 ||   154
       Lesser Beckoning  |       |       |       |       |     2 |     4 ||     6
       Blink             |       |       |       |       |     1 |     2 ||     3
Invok: Curse Item        |       |       |     1 |     2 |       |       ||     3
       Shatter the Chain |       |       |       |       |       |     1 ||     1
 Abil: End Transformatio |       |       |     3 |     1 |     9 |    13 ||    26
Evoke: Wand              |       |       |     9 |       |     4 |     2 ||    15
       Phantom mirror    |       |       |       |       |       |     3 ||     3
       Lightning rod     |       |       |       |       |       |     3 ||     3
       Condenser vane    |       |       |       |       |       |     2 ||     2
  Use: Scroll            |       |       |    15 |     2 |     4 |     7 ||    28
       Potion            |       |       |     7 |       |     4 |     2 ||    13
 Stab: Sleeping          |     5 |     2 |     7 |    10 |    24 |    55 ||   103
       Distracted        |       |       |     1 |       |    10 |     5 ||    16
Armor: Skin              |    10 |     5 |    55 |   106 |   261 |   316 ||   753
Dodge: Dodged            |    89 |    89 |   534 |   763 |  1996 |  1573 ||  5044

Table legend: (Time is in decaauts)
 A = Elapsed time spent in this place.
 B = Non-inter-level travel time spent in this place.
 C = Inter-level travel time spent in this place.
 D = Time resting spent in this place.
 E = Time spent auto-exploring this place.
 F = Levels seen in this place.
 G = Mean time per level.
                   A        B        C        D        E       F      G
               +--------+--------+--------+--------+--------+-----+--------+
         Total |  43220 |  41693 |   1527 |   5364 |  22357 |  38 | 1137.4 |
       Dungeon |  16642 |  15832 |    810 |   1401 |   9953 |  15 | 1109.5 |
        Temple |    132 |    132 |      0 |      0 |      0 |   1 |  132.0 |
          Lair |   8397 |   7926 |    471 |   1201 |   3818 |   6 | 1399.5 |
         Swamp |   3741 |   3705 |     36 |    309 |   2107 |   4 |  935.2 |
     Snake Pit |   7160 |   7049 |    111 |   1505 |   3353 |   4 | 1790.0 |
  Orcish Mines |   2923 |   2844 |     79 |    430 |   1265 |   2 | 1461.5 |
   Elven Halls |   2087 |   2069 |     18 |     36 |   1206 |   2 | 1043.5 |
         Sewer |    606 |    606 |      0 |     57 |    272 |   1 |  606.0 |
        Bailey |    741 |    741 |      0 |    332 |    157 |   1 |  741.0 |
      Ice Cave |    474 |    474 |      0 |     73 |    114 |   1 |  474.0 |
       Volcano |    312 |    312 |      0 |     19 |    107 |   1 |  312.0 |
               +--------+--------+--------+--------+--------+-----+--------+

Top non-repeatable levels by time:
 Snake:4: 2435 daAuts
 Snake:1: 1948 daAuts
   Orc:2: 1630 daAuts
     D:1: 1622 daAuts
     D:4: 1606 daAuts
  Lair:1: 1590 daAuts
     D:9: 1543 daAuts
  Lair:3: 1531 daAuts
  Lair:6: 1519 daAuts
  Lair:5: 1513 daAuts
     D:6: 1423 daAuts
 Snake:3: 1420 daAuts
 Snake:2: 1356 daAuts
    D:13: 1346 daAuts
 Swamp:2: 1335 daAuts
